 Dungeon Crawl Stone Soup version 0.27.1-2-g3b301248ec (webtiles) character file.

Game seed: 4643136304816215324

226842 fortune76 the Thaumaturge (level 20, -9/141 HPs)
             Began as a Djinni Fire Elementalist on Sept 29, 2021.
             Was the Champion of Cheibriados.
             Splashed by a tengu reaver's acid (16 damage)
             ... led by Sojobo
             ... on level 2 of the Depths on Sept 30, 2021.
             The game lasted 04:25:35 (35976 turns).

fortune76 the Thaumaturge (DjFE)                   Turns: 35976, Time: 04:25:35

Health: -9/141     AC: 28    Str: 22    XL:     20   Next: 56%
Gold:   722        EV: 18    Int: 46    God:    Cheibriados [******] SH: 10 Dex: 27

rFire    + + .     SeeInvis +   X - +4 scimitar (protect)
rCold    + + +     Faith    .   P - +3 warlock's mirror {reflect}
rNeg     . . .     Spirit   .   v - +0 ice dragon scales
rPois    ∞         Reflect  +   Z - +3 hat of Pondering {ponderous, Will+ MP+10 Int+5}
rElec    .         Harm     .   t - +2 cloak {Stlth+}
rCorr    .         Rampage  .   d - +0 pair of gloves of Gutaa {+Inv Fly rC+++ Dex-4}
Will     +++..     Clarity  +   (boots unavailable)
Stlth    +++.......             B - amulet of regeneration
HPRegen  1.33/turn              D - ring of Huem Fiu {+Blink SInv}
MPRegen  0.00/turn              c - ring of fire

@: unable to read, under a protective aura, flying, very slow
A: sickness immunity, fire resistance 2, cold vulnerability 1, float, innate
caster, hp casting, extra vitality 1, antennae 1, agile 1, clarity, wild magic
2, inability to read while threatened
a: Renounce Religion, Evoke Blink, Evoke Invisibility, Bend Time, Temporal
Distortion, Slouch, Step From Time


You were on level 2 of the Depths.
You worshipped Cheibriados.
Cheibriados was exalted by your worship.
You visited 6 branches of the dungeon, and saw 29 of its levels.
You also visited: Gauntlet and Volcano.

You collected 2836 gold pieces.
You spent 2114 gold pieces at shops.

Inventory:

Hand Weapons
 e - a +4 quick blade of flaming
 N - a +5 long sword
 X - a +4 scimitar of protection (weapon)
Missiles
 g - 4 atropa-tipped darts
 A - 2 throwing nets
 K - 12 curare-tipped darts
Armour
 d - the +0 pair of gloves of Gutaa (worn) {+Inv Fly rC+++ Dex-4}
   (You found it in a Gauntlet)

   Dex:       It affects your dexterity (-4).
   rC:        It renders you almost immune to cold.
   +Inv:      It lets you turn invisible.
   Fly:       It grants you flight.
 t - a +2 cloak of stealth (worn)
 v - +0 ice dragon scales (worn)
 P - the +3 warlock's mirror (worn) {reflect}
   (You bought it in a shop on level 7 of the Dungeon)

   It can block and reflect piercing ranged attacks and magical attacks against
   the wielder's willpower.
 Z - the +3 hat of Pondering (worn) {ponderous, Will+ MP+10 Int+5}
   (You bought it in a shop on level 7 of the Dungeon)

   Int:       It affects your intelligence (+5).
   MP:        It affects your magic capacity (+10).
   Will:      It increases your willpower.
Magical Staves
 h - a staff of fire
Jewellery
 a - an amulet of reflection
 c - a ring of fire (right hand)
 k - a +4 ring of protection
 r - a ring of positive energy
 B - an amulet of regeneration (around neck)
 D - the ring of Huem Fiu (left hand) {+Blink SInv}
   (You found it in a Gauntlet)

   [ring of see invisible]

   SInv:      It lets you see invisible.
   +Blink:    It lets you blink.
 J - a ring of protection from cold
 L - the ring "Yhutz" {Str+3 Int+6}
   (You found it in a Gauntlet)

   [ring of intelligence]

   Str:       It affects your strength (+3).
   Int:       It affects your intelligence (+6).
 W - a ring of willpower
Wands
 p - a wand of acid (7)
 y - a wand of polymorph (32)
 z - a wand of digging (29)
 F - a wand of charming (13) (quivered)
 I - a wand of iceblast (35)
 V - a wand of flame (50)
 Y - a wand of paralysis (14)
Scrolls
 b - 5 scrolls of teleportation
 f - 8 scrolls of magic mapping
 l - 3 scrolls of identify
 m - 3 scrolls of fear
 n - 3 scrolls of silence
 q - 7 scrolls of immolation
 u - 3 scrolls of enchant weapon
 x - 4 scrolls of vulnerability
 C - a scroll of fog
 M - a scroll of summoning
 O - 2 scrolls of enchant armour
 Q - a scroll of blinking
Potions
 i - 2 potions of resistance
 j - 3 potions of lignification
 o - a potion of invisibility
 s - 10 potions of ambrosia
 w - 3 potions of brilliance
 E - a potion of heal wounds
 G - 12 potions of curing
 H - 7 potions of might
 S - a potion of cancellation
Miscellaneous
 R - a lightning rod (3/4)
 T - a phantom mirror
 U - a phial of floods


   Skills:
 - Level 12.0 Fighting
 - Level 14.0 Long Blades
 - Level 11.0 Armour
 - Level 10.0 Dodging
 + Level 4.9 Stealth
 - Level 7.0 Shields
 - Level 14.0 Spellcasting
 - Level 10.0 Invocations
 - Level 10.6 Evocations


You couldn't memorise any spells.
You knew the following spells:

 Your Spells              Type           Power      Damage    Failure   Level
a - Foxfire               Conj/Fire      100%       2x1d9     1%          1
b - Conjure Flame         Conj/Fire      100%       6-21      1%          3
c - Inner Flame           Hex/Fire       100%       N/A       1%          3
d - Sticky Flame          Conj/Fire      100%       2d11      1%          4
e - Fireball              Conj/Fire      78%        3d29      1%          5
f - Shock                 Conj/Air       100%       1d9       1%          1
g - Slow                  Hex            100%       N/A       1%          2
h - Frozen Ramparts       Ice            100%       1d12      1%          3
i - Fulminant Prism       Conj/Hex       65%        3d28      1%          4
j - Silence               Hex/Air        65%        N/A       1%          5
k - Yara's Violent Unrav  Hex/Tmut       65%        3d24      1%          5
l - Dispersal             Tloc           65%        N/A       3%          6
m - Conjure Ball Lightni  Conj/Air       65%        3x3d23    3%          6
n - Ozocubu's Refrigerat  Ice            65%        4d18      13%         7
Your spell library was empty.

Dungeon Overview and Level Annotations

Branches:
Dungeon (15/15)            Temple (1/1) D:4            Lair (6/6) D:11
 Shoals (0/4) Lair:3       Spider (3/4) Lair:3        Slime (0/5) Lair:5
    Orc (2/2) D:9             Elf (0/3) Orc:2        Vaults (0/5) D:13
 Depths (2/5) D:15        Volcano (visited)         Gauntlet (visited)

Altars:
Ashenzari
Cheibriados
Dithmenos
Elyvilon
Fedhas
Gozag
Hepliaklqana
Kikubaaqudgha
Makhleb
Nemelex Xobeh
Okawaru
Qazlal
Ru
Sif Muna
Trog
Uskayaw
Vehumet
Wu Jian
Xom
Yredelemnul
Zin
The Shining One
Beogh
Jiyva
Lugonu

Shops:
D:2 :   D:7 [   D:10 *   Orc:2 ?**(

Portals:
Hell: Depths:1 Depths:2


Innate Abilities, Weirdness & Mutations

You are immune to sickness and miasma.
You are immune to poison.
Your flesh is very heat resistant. (rF++)
You are vulnerable to cold. (rC-)
You float through the air rather than walking.
You learn spells naturally, not from books.
Your magical power is your life essence.
You have superior vitality. (+4 HP)
You have a pair of small antennae on your head.
You are agile. (Dex +2)
You possess an exceptional clarity of mind.
Your spells are harder to cast, but more powerful.
You sometimes lose the ability to read scrolls when taking damage.


Message History

Aiming: Iceblast
Press: ? - help, Shift-Dir - straight line The mass of ice explodes!
The iceblast engulfs the fire giant!
The fire giant is heavily wounded.
Hit: X) +4 scimitar (protect)
Press: ? - help, Dir - move target, f - fire giant
Aim: a fire giant, wielding a +0 great sword of flaming (heavily wounded, about 11% to evade your +4 scimitar of protection)
You slash the fire giant!
Your weapon exudes an aura of protection.
The fire giant is heavily wounded.
You block the fire giant's attack.
Hit: X) +4 scimitar (protect)
Press: ? - help, Dir - move target, f/p - fire giant
Aim: a fire giant, wielding a +0 great sword of flaming (heavily wounded, about 11% to evade your +4 scimitar of protection)
You hit the fire giant but do no damage.
The fire giant is heavily wounded.
Hit: X) +4 scimitar (protect)
Press: ? - help, Dir - move target, f/p - fire giant
Aim: a fire giant, wielding a +0 great sword of flaming (heavily wounded, about 11% to evade your +4 scimitar of protection)
You slice the fire giant!!
The fire giant is severely wounded.
The fire giant casts a spell at you.
The fireball explodes!
The fireball engulfs you!! You resist.
* * * LOW HITPOINT WARNING * * *
The fireball engulfs the fire giant!
The fire giant resists.
You blink.
You blink.
A tengu reaver comes into view. It is wielding a +0 war axe.
The tengu reaver shouts!
You hear a shout!
A tengu reaver comes into view.
It is wielding a +2 glaive of protection.
The fire giant casts a spell at you.
The fireball explodes!
The fireball engulfs you! You resist.
* * * LOW HITPOINT WARNING * * *
You hear two shouts!
Okay, then.
The tengu reaver casts a spell at you. The bolt of acid hits you!
* * * LOW HITPOINT WARNING * * *
You are splashed with acid!
You die...

..........#......................
.........##..###.....##..........
..........)..........##..........
##############(.................>
#.....QCGC.).#..........#.....##
#....##.######.................#
... {#..{{ ##......##.......... .
##CD #........#..........
.C$##.#@................
#!=#....##............##
$##....###..........###
##..#..)...###.......##
#Q#...#...###....##...
#.....##...§......##.##
#Q.....#....C.........##
...........#.§...........
##.##.......#..#.....#...


You could see 2 tengu reavers.

Vanquished Creatures
  Arachne (Spider:1)
  A sphinx (Depths:1)
  Kirke (D:15)
  A tengu reaver (D:14)
  The ghost of robotcentaur the Nimble, an adept TeNe of Gozag (Spider:2)
  2 frost giants
  3 fire giants
  A ghost moth (Spider:1)
  4 emperor scorpions
  9 very ugly things
  Louise (Spider:1)
  A stone giant (Depths:2)
  Nessos (Lair:5)
  An entropy weaver (Gauntlet)
  2 spark wasps
  A dire elephant (Lair:6)
  A minotaur (Gauntlet)
  2 ettins
  Josephine (Lair:4)
  3 boulder beetles
  3 great orbs of eyes
  7 ice dragons
  A rakshasa (Depths:1)
  An ogre mage (D:15)
  A merfolk avatar (Lair:6)
  10 hydras
  2 catoblepae
  A dancing weapon (Volcano)
  2 tengu warriors
  6 centaur warriors
  10 two-headed ogres
  2 deep troll shamans
  2 death knights
  4 deep troll earth magi
  A hell hog (Depths:1)
  A spriggan berserker (Depths:2)
  5 death yaks (Lair:4)
  Sonja (Lair:3)
  A fire crab (D:14)
  A deep elf knight (D:14)
  A hell knight (Depths:1)
  A shadow wraith (D:13)
  5 spriggans (Depths:2)
  3 iron trolls
  2 deep trolls (Depths:1)
  7 skeletal warriors
  A sea snake (Lair:6)
  5 wizards
  A harpy (Lair:6)
  A phantasmal warrior (D:11)
  15 orb spiders
  4 orc knights
  4 lindwurms (Lair:4)
  An orb spider (shapeshifter) (Depths:1)
  17 wolf spiders
  18 ugly things
  5 manticores
  10 orc sorcerers
  2 oklob plants (Lair:1)
  3 cyclopes
  2 moths of wrath (Gauntlet)
  5 toenail golems (Volcano)
  10 elephants
  5 black mambas
  A salamander (Depths:1)
  14 cane toads
  A gargoyle (D:8)
  A torpor snail (Lair:5)
  An efreet (Gauntlet)
  2 smoke demons (Depths:1)
  An unseen horror (D:7)
  3 rime drakes
  5 yaktaurs (D:15)
  2 kobold demonologists (D:10)
  A freezing wraith (D:11)
  12 komodo dragons
  An ice devil (Gauntlet)
  2 tengu conjurers
  7 demonic crawlers
  A queen bee (D:12)
  3 trolls
  2 polar bears (Lair:6)
  25 jumping spiders
  A wind drake (Lair:6)
  3 meliai (D:12)
  12 hornets
  A polar bear (shapeshifter) (D:15)
  A meliai zombie (D:11)
  26 blink frogs
  16 dream sheep
  12 slime creatures
  38 redbacks
  4 snapping turtles
  A shadow (D:10)
  A centaur simulacrum (D:15)
  A tarantella (shapeshifter) (D:14)
  2 water elementals (Depths:2)
  18 tarantellas
  45 yaks
  7 wraiths
  5 wyverns
  2 fire elementals (Gauntlet)
  3 hogs (D:15)
  5 basilisks
  3 steam dragons
  Menkaure (D:5)
  8 wargs
  10 vampire mosquitoes
  4 acid dragons (D:12)
  3 hell hounds (Gauntlet)
  8 water moccasins
  2 ice beasts
  24 orc warriors
  4 black bears
  A sky beast (D:8)
  2 necrophages
  20 wolves
  9 ogres
  11 centaurs
  13 kobold brigands
  18 bullfrogs
  3 gnoll sergeants
  4 scorpions
  22 killer bees
  8 electric eels
  9 wights (D:9)
  2 howler monkeys (D:8)
  A lava snake (Orc:1)
  5 hounds
  2 jellies (D:6)
  6 centaur zombies
  20 orc priests
  A bullfrog skeleton (D:5)
  Crazy Yiuf (D:7)
  3 iron imps (D:9)
  38 orc wizards
  A scorpion zombie (D:5)
  10 gnolls
  8 adders
  A shadow imp (D:6)
  5 white imps
  An ufetubus (D:5)
  An adder skeleton (D:4)
  2 worms
  3 dart slugs
  124 orcs
  11 endoplasms
  4 giant cockroaches
  3 goblins
  6 hobgoblins
  4 jackals (D:4)
  A quokka (D:3)
  4 ball pythons
  6 bats
  2 frilled lizards
  17 kobolds
  6 rats
  6 bushes
1009 creatures vanquished.

Vanquished Creatures (collateral kills)
  A bullfrog (Lair:1)
1 creature vanquished.

Vanquished Creatures (others)
  2 wizards (Volcano)
  A yak (Lair:1)
  5 ball lightnings
  101 foxfires
  49 fulminant prisms
  82 fungi
  149 plants
389 creatures vanquished.

Grand Total: 1399 creatures vanquished

Notes
Turn   | Place    | Note
-------+----------+-------------------------------------------
     0 | D:1      | fortune76 the Djinni Fire Elementalist began the quest for
                  | the Orb.
     0 | D:1      | Reached XP level 1. HP: 15/15 MP: 0/0
   405 | D:1      | Reached XP level 2. HP: 17/21 MP: 0/0
  1094 | D:2      | Reached skill level 1 in Fighting
  1135 | D:2      | Reached XP level 3. HP: 25/27 MP: 0/0
  1135 | D:2      | Learned a level 1 spell: Shock
  1602 | D:2      | Found Teroitah's Book Shoppe.
  1740 | D:2      | Found a faded altar of an unknown god.
  1959 | D:3      | Reached XP level 4. HP: 25/34 MP: 0/0
  3234 | D:4      | Reached XP level 5. HP: 27/40 MP: 0/0
  3234 | D:4      | Learned a level 2 spell: Slow
  3724 | D:4      | Noticed a necrophage
  3730 | D:4      | Killed a necrophage
  3731 | D:4      | Reached XP level 6. HP: 19/46 MP: 0/0
  4612 | D:4      | Found a staircase to the Ecumenical Temple.
  4616 | Temple   | Entered the Ecumenical Temple
  4704 | Temple   | Became a worshipper of Cheibriados the Contemplative
  5002 | D:5      | Entered Level 5 of the Dungeon
  5243 | D:5      | Noticed Menkaure
  5246 | D:5      | Killed Menkaure
  5247 | D:5      | Reached skill level 5 in Spellcasting
  5247 | D:5      | Reached XP level 7. HP: 24/50 MP: 0/0
  5247 | D:5      | Learned a level 3 spell: Frozen Ramparts
  5752 | D:5      | Reached skill level 5 in Dodging
  5999 | D:5      | Reached * piety under Cheibriados
  6092 | D:5      | Reached XP level 8. HP: 49/56 MP: 0/0
  7674 | D:6      | Gained mutation: You evolve. [potion of mutation]
  7674 | D:6      | Gained mutation: You have supernaturally acute eyesight.
                  | (SInv) [potion of mutation]
  7674 | D:6      | Gained mutation: You have a pair of small antennae on your
                  | head. [potion of mutation]
  8302 | D:7      | Found Zoarexti's Antique Armour Shop.
  8407 | D:7      | Reached XP level 9. HP: 23/60 MP: 0/0
  8407 | D:7      | Learned a level 4 spell: Fulminant Prism
  8412 | D:7      | Noticed an unseen horror
  8419 | D:7      | Killed an unseen horror
  8700 | D:7      | Reached ** piety under Cheibriados
  8702 | D:7      | Reached skill level 5 in Fighting
  8969 | D:7      | Lost mutation: You have supernaturally acute eyesight.
                  | (SInv) [evolution]
  9200 | D:7      | Found a runed translucent door.
  9201 | D:7      | Noticed Crazy Yiuf
  9761 | D:7      | Killed Crazy Yiuf
  9953 | D:8      | Noticed a hornet
  9958 | D:8      | Killed a hornet
  9969 | D:8      | Reached XP level 10. HP: 13/72 MP: 0/0
 10245 | D:8      | Reached *** piety under Cheibriados
 10503 | D:8      | Noticed a two-headed ogre
 10512 | D:8      | Killed a two-headed ogre
 10964 | D:8      | Reached **** piety under Cheibriados
 11055 | D:8      | Reached skill level 10 in Spellcasting
 11055 | D:8      | Noticed a six-headed hydra
 11059 | D:8      | Killed a six-headed hydra
 11060 | D:8      | Reached XP level 11. HP: 28/76 MP: 0/0
 11060 | D:8      | Learned a level 5 spell: Silence
 11334 | D:8      | Noticed a two-headed ogre
 11341 | D:8      | Killed a two-headed ogre
 11342 | D:8      | Reached skill level 5 in Invocations
 11358 | D:8      | Noticed a two-headed ogre
 11363 | D:8      | Killed a two-headed ogre
 13201 | D:9      | Found a staircase to the Orcish Mines.
 13207 | D:9      | Reached ***** piety under Cheibriados
 14027 | D:9      | Gained mutation: You are partially covered in iridescent
                  | scales. (AC +2) [evolution]
 14629 | D:9      | Found a burning altar of Makhleb.
 14814 | D:10     | Entered Level 10 of the Dungeon
 14932 | D:10     | Found Cynod's Overcharged Wands.
 15031 | D:10     | Reached XP level 12. HP: 43/86 MP: 0/0
 15328 | D:10     | Reached ****** piety under Cheibriados
 16206 | D:11     | Reached skill level 5 in Armour
 16280 | D:11     | Noticed a boulder beetle
 16658 | D:11     | Killed a boulder beetle
 16917 | D:11     | Noticed a centaur warrior
 16921 | D:11     | Killed a centaur warrior
 17073 | D:11     | Gained mutation: You expend health (3 HP) to strengthen
                  | your wands. [evolution]
 17123 | D:11     | Noticed a death knight
 17126 | D:11     | Killed a death knight
 17158 | D:11     | Noticed a skeletal warrior
 17162 | D:11     | Killed a skeletal warrior
 17384 | D:11     | Noticed a skeletal warrior
 17388 | D:11     | Noticed a skeletal warrior
 17392 | D:11     | Killed a skeletal warrior
 17394 | D:11     | Killed a skeletal warrior
 17644 | D:11     | Found a staircase to the Lair.
 17755 | D:11     | Found a stormy altar of Qazlal.
 18118 | Lair:1   | Entered Level 1 of the Lair of Beasts
 18135 | Lair:1   | Reached XP level 13. HP: 82/94 MP: 0/0
 18135 | Lair:1   | Learned a level 5 spell: Yara's Violent Unravelling
 18164 | Lair:1   | Reached skill level 5 in Long Blades
 18871 | Lair:1   | Gained mutation: Your mind is acute. (Int +2) [evolution]
 18888 | Lair:1   | Reached skill level 1 in Evocations
 20087 | Lair:1   | Noticed a seven-headed hydra
 20095 | Lair:1   | Killed a seven-headed hydra
 20096 | Lair:1   | Reached skill level 5 in Evocations
 20403 | Lair:2   | Found a dark tunnel.
 20408 | Volcano  | Entered a volcano
 20990 | Volcano  | Gained mutation: You have a pair of antennae on your head.
                  | [evolution]
 21574 | Lair:2   | Noticed a catoblepas
 21577 | Lair:2   | Killed a catoblepas
 21578 | Lair:2   | Reached XP level 14. HP: 89/101 MP: 0/0
 22060 | Lair:3   | Noticed Sonja
 22062 | Lair:3   | Killed Sonja
 22223 | Lair:3   | Found a hole to the Spider Nest.
 22232 | Lair:3   | Reached skill level 10 in Armour
 22254 | Spider:1 | Entered Level 1 of the Spider Nest
 22254 | Spider:1 | Noticed an emperor scorpion
 22264 | Spider:1 | Killed an emperor scorpion
 22469 | Spider:1 | Reached XP level 15. HP: 105/105 MP: 0/0
 22469 | Spider:1 | Learned a level 6 spell: Dispersal
 22729 | Spider:1 | Noticed Louise
 22735 | Spider:1 | Killed Louise
 22810 | Spider:1 | Noticed an emperor scorpion
 22814 | Spider:1 | Killed an emperor scorpion
 23224 | Spider:2 | Noticed Arachne
 23333 | Spider:1 | Noticed a ghost moth
 23336 | Spider:1 | Killed a ghost moth
 23337 | Spider:1 | Reached skill level 10 in Long Blades
 23582 | Spider:2 | Reached XP level 16. HP: 108/112 MP: 0/0
 23598 | Spider:1 | Killed Arachne
 23777 | Spider:2 | Reached skill level 10 in Fighting
 24142 | Spider:2 | Found a runed translucent gate.
 24143 | Spider:2 | Found a runed translucent gate.
 24144 | Spider:2 | Found a runed translucent gate.
 24145 | Spider:2 | Noticed robotcentaur's ghost (adept TeNe)
 24171 | Spider:2 | Gained mutation: You are weak. (Str -2) [mutagenic glow]
 24245 | Spider:2 | Killed robotcentaur's ghost
 24319 | Spider:2 | Identified the +2 hat of Decompression {Rampage *Slow rN++
                  | rCorr}
 24367 | Spider:2 | HP: 5/116 [spark wasp (15)]
 24579 | Spider:3 | Reached skill level 1 in Shields
 24770 | D:7      | Bought the +3 warlock's mirror {reflect} for 960 gold
                  | pieces
 24770 | D:7      | Found the +3 warlock's mirror {reflect}
 25350 | Lair:3   | Found a staircase to the Shoals.
 25409 | Lair:4   | Lost mutation: You evolve. [evolution]
 25998 | Lair:4   | Noticed Josephine
 26002 | Lair:4   | Killed Josephine
 26085 | Lair:4   | Reached skill level 10 in Dodging
 26085 | Lair:4   | Reached XP level 17. HP: 92/123 MP: 0/0
 26085 | Lair:4   | Learned a level 6 spell: Conjure Ball Lightning
 26660 | Lair:5   | Noticed Nessos
 26663 | Lair:5   | Killed Nessos
 26882 | Lair:5   | Found a viscous altar of Jiyva.
 26882 | Lair:5   | Found a staircase to the Slime Pits.
 26902 | Lair:5   | Found a gate leading to a gauntlet.
 26910 | Gauntlet | Entered a Gauntlet
 26910 | Gauntlet | Found a transporter.
 26918 | Gauntlet | Found a transporter.
 26922 | Gauntlet | Found a transporter.
 26930 | Gauntlet | Found a transporter.
 26934 | Gauntlet | Found a transporter.
 26942 | Gauntlet | Found a transporter.
 26946 | Gauntlet | Found a transporter.
 26954 | Gauntlet | Found a transporter.
 26958 | Gauntlet | Found a transporter.
 26969 | Gauntlet | Found a transporter.
 26981 | Gauntlet | Found a runed translucent door.
 26998 | Gauntlet | Found a transporter.
 27010 | Gauntlet | Found a transporter.
 27022 | Gauntlet | Found a transporter.
 27035 | Gauntlet | Found a transporter.
 27174 | Gauntlet | Identified the ring "Yhutz" {Str+3 Int+6}
 27197 | Gauntlet | Identified the +0 pair of gloves of Gutaa {+Inv Fly rC+++
                  | Dex-4}
 27331 | Gauntlet | Identified the ring of Huem Fiu {+Blink SInv}
 27649 | Lair:5   | Reached skill level 10 in Evocations
 27649 | Lair:5   | Reached XP level 18. HP: 130/130 MP: 0/0
 27651 | Lair:5   | Lost mutation: You are partially covered in iridescent
                  | scales. (AC +2) [potion of mutation]
 27651 | Lair:5   | Gained mutation: You do not regenerate when monsters are
                  | visible. [potion of mutation]
 27651 | Lair:5   | Gained mutation: Your spells are a little harder to cast,
                  | but a little more powerful. [potion of mutation]
 27652 | Lair:5   | Lost mutation: You are weak. (Str -2) [potion of mutation]
 27652 | Lair:5   | Lost mutation: You have a pair of antennae on your head.
                  | [potion of mutation]
 27652 | Lair:5   | Lost mutation: You expend health (3 HP) to strengthen your
                  | wands. [potion of mutation]
 27652 | Lair:5   | Lost mutation: Your mind is acute. (Int +2) [potion of
                  | mutation]
 27652 | Lair:5   | Gained mutation: Your body sometimes deteriorates upon
                  | taking damage. [potion of mutation]
 27652 | Lair:5   | Gained mutation: You are agile. (Dex +2) [potion of
                  | mutation]
 27653 | Lair:5   | Lost mutation: Your body sometimes deteriorates upon taking
                  | damage. [potion of mutation]
 27653 | Lair:5   | Lost mutation: You do not regenerate when monsters are
                  | visible. [potion of mutation]
 27653 | Lair:5   | Gained mutation: You possess an exceptional clarity of
                  | mind. [potion of mutation]
 27653 | Lair:5   | Gained mutation: Your spells are harder to cast, but more
                  | powerful. [potion of mutation]
 27653 | Lair:5   | Gained mutation: You sometimes lose the ability to read
                  | scrolls when taking damage. [potion of mutation]
 27944 | Lair:6   | Entered Level 6 of the Lair of Beasts
 28937 | Orc:1    | Entered Level 1 of the Orcish Mines
 29533 | Orc:2    | Entered Level 2 of the Orcish Mines
 29941 | Orc:2    | Found Ropp's General Store.
 29941 | Orc:2    | Found Fedoafaalo's Magic Scroll Boutique.
 29948 | Orc:2    | Bought a scroll of identify for 20 gold pieces
 29948 | Orc:2    | Bought a scroll of identify for 20 gold pieces
 29948 | Orc:2    | Bought a scroll of identify for 20 gold pieces
 30102 | Orc:2    | Found Anozaiq's Antique Weapon Emporium.
 30102 | Orc:2    | Found Pialo's Assorted Antiques.
 30108 | Orc:2    | Bought a jewelled whip for 180 gold pieces
 30108 | Orc:2    | Identified the +3 whip of Currency {vorpal, Dex+2 SInv}
                  | (You bought it in a shop on level 2 of the Orcish Mines)
 30275 | Orc:2    | Found a staircase to the Elven Halls.
 30471 | D:7      | Bought the +3 hat of Pondering {ponderous, Will+ MP+10
                  | Int+5} for 914 gold pieces
 30471 | D:7      | Found the +3 hat of Pondering {ponderous, Will+ MP+10
                  | Int+5}
 30610 | D:12     | Reached XP level 19. HP: 104/135 MP: 0/0
 30610 | D:12     | Learned a level 7 spell: Ozocubu's Refrigeration
 31937 | D:13     | Found a gate to the Vaults.
 32185 | D:14     | Reached skill level 5 in Shields
 32969 | D:15     | Entered Level 15 of the Dungeon
 33016 | D:15     | Found a staircase to the Depths.
 33344 | D:15     | Noticed Kirke
 33351 | D:15     | Killed Kirke
 33863 | Depths:1 | Entered Level 1 of the Depths
 34085 | Depths:1 | Found a shimmering altar of Xom.
 34314 | Depths:1 | Found a broken altar of Ashenzari.
 34383 | Depths:1 | Reached XP level 20. HP: 98/141 MP: 0/0
 34715 | Depths:1 | Found a gateway to Hell.
 35468 | Depths:2 | Reached skill level 10 in Invocations
 35565 | Depths:2 | Found a corrupted altar of Lugonu.
 35976 | Depths:2 | HP: 7/141 [tengu reaver/bolt of acid[Sojobo] (15)]
 35976 | Depths:2 | Splashed by a tengu reaver's acid

Illustrated notes

Levels and vault maps discovered:
D:1:      giann_wishing_wells, layout_loops_ring, minmay_cut_off
D:2:      layout_rooms, chequers_ecumenical_altar_twisty, serial_shops, shop,
          minmay_fractal_squares_5
D:3:      layout_loops_ring, serial_park_tiny_2
D:4:      layout_cave_pods, minmay_temple_entry_proselytizer
D:5:      layout_basic, lemuel_old_faithful, uniq_menkaure
D:6:      layout_loops_ring, serial_bayou, serial_bayou_pond_a,
          serial_bayou_shore_b, serial_bayou_pond_c, serial_bayou_lagoon_b
D:7:      layout_basic, serial_shops,
          nicolae_shop_temple_entry_statues_fountains, uniq_crazy_yiuf_cottage
D:8:      nzn_winding_woodlands_medium [nzn_winding_woodlands_5x5_three,
          nzn_winding_woodlands_5x15_twine, nzn_winding_woodlands_5x5_default,
          nzn_winding_woodlands_5x5_cross, nzn_winding_woodlands_center_garden,
          nzn_winding_woodlands_5x5_closed_star,
          nzn_winding_woodlands_5x5_perimeter,
          nzn_winding_woodlands_5x15_sawtooth,
          nzn_winding_woodlands_5x5_checkerboard], layout_cave_pods,
          nicolae_ossuary_entry_monument, serial_park, serial_park_square3
          [serial_park_minivault_5x5_1], serial_park_square2
D:9:      layout_irregular_city, demons_altar,
          kennysheep_orc_monster_closet_entryway, due_unseen_surprise
D:10:     layout_irregular_city, serial_bayou, serial_bayou_shore_a,
          serial_bayou_ford_a, serial_bayou_crossing, serial_bayou_pond_e,
          serial_bayou_pond_a, nicolae_shop_overcharged_wands
D:11:     layout_basic, due_lair_maze_entry_diamond, grunt_qazlal_clouds
D:12:     layout_rooms, special_room [special_room_bee], nicolae_wwwww
D:13:     layout_loops_ring, david_vaults_4
D:14:     minmay_containers, layout_irregular_city, minmay_fountain_box,
          small_statue_alley_a
D:15:     grunt_enter_depths_giant_problem, layout_loops_cross,
          columned_hall_lemuel, uniq_kirke
Temple:   nicolae_temple_the_god_donut
Lair:1:   layout_cellular_growth, minmay_lair_oklob_chamber,
          serial_bayou_shore_b
Lair:2:   layout_layer_cave, enter_volcano_4
Lair:3:   layout_gridlike, minmay_shoals_entry_hut,
          spider_nest_entry_funnel_web, uniq_sonja
Lair:4:   layout_cave_pods, minmay_lindwurm_lava, uniq_josephine
Lair:5:   layout_cave_shapes, slime_altar_1, gauntlet_entry_generic,
          bobbens_ice_dragon_lair, uniq_nessos
Lair:6:   gammafunk_lair_ancient_temple, layout_misc_corridors, minivault_11
Spider:1: layout_spider_delve, uniq_louise
Spider:2: layout_spider_delve, gammafunk_ghost_tricky_traps, uniq_arachne
Spider:3: spiders_nest_scorpion_pit, nicolae_spider_rock_and_or_roll
Orc:1:    layout_caves, nicolae_orc_lava_tube
Orc:2:    st_orc_town, layout_caves
Depths:1: layout_long_grid, hellmouth_1, xom_teletrap_fun,
          nicolae_ashenzari_skybound, grunt_megastairs_1
Depths:2: minmay_the_grid_triangle_9x9_line_8_mashed
          [minmay_the_grid_triangle_9x9_cache,
          minmay_the_grid_triangle_9x9_dagger,
          minmay_the_grid_triangle_9x9_swiss_cheese,
          minmay_the_grid_triangle_9x9_from_above,
          minmay_the_grid_triangle_9x9_corrupted_corridor,
          minmay_the_grid_triangle_9x9_intruding_spiral,
          minmay_the_grid_triangle_9x9_empty,
          minmay_the_grid_triangle_9x9_prize_insulated], layout_cave_shapes,
          hell_entry, kennysheep_minor_cross, abyss_entry_flame_altar,
          infiniplex_staircase_9_rooms, uniq_sojobo, uniq_enchantress

Skill      XL: |  1  2  3  4  5  6  7  8  9 10 11 12 13 14 15 16 17 18 19 20 |
---------------+-------------------------------------------------------------+-----
Spellcasting   | 3 4 5 7 8 10 11 12 13 14 | 14.0
Fighting       | 1 2 3 6 7 9 12 | 12.0
Dodging        | 5 8 10 | 10.0
Armour         | 3 4 8 11 | 11.0
Invocations    | 4 7 10 | 10.0
Long Blades    | 4 7 10 11 12 13 14 | 14.0
Evocations     | 6 10 | 10.6
Shields        | 4 7 |  7.0
Stealth        | 4 |  4.9

Action                   |  1- 3 |  4- 6 |  7- 9 | 10-12 | 13-15 | 16-18 | 19-21 || total
-------------------------+-------+-------+-------+-------+-------+-------+-------++-------
Melee: Unarmed           |     1 |       |       |       |       |       |       ||     1
       Staff             |       |     4 |     2 |     7 |     1 |       |     1 ||    15
       Long sword        |       |       |       |     3 |    49 |    58 |       ||   110
       Scimitar          |       |       |       |       |       |    65 |   126 ||   191
 Cast: Foxfire           |    41 |     8 |     7 |     2 |     4 |       |       ||    62
       Shock             |    10 |    50 |    98 |   169 |    39 |   141 |   105 ||   612
       Inner Flame       |     7 |    25 |     9 |    13 |    26 |    66 |    68 ||   214
       Conjure Flame     |       |     5 |     5 |     4 |     3 |       |       ||    17
       Sticky Flame      |       |     1 |     6 |    42 |     9 |     8 |     7 ||    73
       Frozen Ramparts   |       |       |    21 |    18 |    22 |    45 |    32 ||   138
       Fireball          |       |       |    16 |    70 |   110 |   259 |   139 ||   594
       Slow              |       |       |     3 |    18 |    16 |     8 |     7 ||    52
       Fulminant Prism   |       |       |     2 |     7 |    23 |    10 |     7 ||    49
       Yara's Violent Un |       |       |       |       |    10 |       |       ||    10
       Silence           |       |       |       |       |     1 |       |       ||     1
       Dispersal         |       |       |       |       |     2 |     1 |       ||     3
       Conjure Ball Ligh |       |       |       |       |       |     2 |     2 ||     4
       Ozocubu's Refrige |       |       |       |       |       |       |     6 ||     6
Invok: Slouch            |       |       |       |       |       |       |     2 ||     2
       Step From Time    |       |       |       |       |       |       |     1 ||     1
 Abil: Evoke Blink       |       |       |       |       |       |       |     5 ||     5
Evoke: Wand              |       |       |       |     1 |     2 |       |     2 ||     5
       Lightning rod     |       |       |       |       |     1 |       |     2 ||     3
  Use: Scroll            |       |       |     4 |     8 |     4 |    13 |     4 ||    33
       Potion            |       |       |     2 |     1 |     2 |     8 |     2 ||    15
Armor: Robe              |     2 |       |       |       |       |       |       ||     2
       Leather armour    |     6 |     9 |     1 |    17 |     8 |       |       ||    41
       Ice dragon scales |       |       |       |       |    55 |   103 |    35 ||   193
Dodge: Dodged            |     9 |    13 |    13 |    47 |   120 |   164 |    60 ||   426
Block: Other             |       |       |     2 |    12 |    10 |       |       ||    24
       Reflection        |       |       |       |     3 |       |    18 |    14 ||    35
       Buckler           |       |       |       |       |       |    44 |    71 ||   115
       Rpst.: Long sword |       |       |       |       |    17 |    19 |       ||    36
       Scimitar          |       |       |       |       |       |     9 |     6 ||    15
